 Dungeon Crawl Stone Soup version 0.28.0-43-g3370ac3207 (webtiles) character file.

Game seed: 8449997361435167246

4 sking99 the Sneak (level 1, -1/14 HPs)
             Began as a Kobold Delver on Mar 16, 2022.
             Slain by a water moccasin zombie (6 damage)
             ... on level 5 of the Dungeon.
             The game lasted 00:01:22 (387 turns).

sking99 the Sneak (Kobold Delver)                    Turns: 387, Time: 00:01:22

Health: -1/14      AC:  3    Str:  9    XL:     1   Next: 66%
Magic:  1/1        EV: 14    Int: 11    God:
Gold:   0          SH:  0    Dex: 16    Spells: 0/0 levels left

rFire   . . .      SeeInvis .   a - +0 mace
rCold   . . .      Faith    .   (no shield)
rNeg    . . .      Spirit   .   b - +0 leather armour
rPois   .          Reflect  .   (no helmet)
rElec   .          Harm     .   (no cloak)
rCorr   .          Rampage  .   (no gloves)
Will    .....                   (no boots)
Stlth   ++++......              (no amulet)
HPRegen 0.04/turn               (no ring)
MPRegen 0.07/turn               (no ring)

@: no status effects
A: small, no large weapons, nightstalker 3
a: no special abilities


You were on level 5 of the Dungeon.
You visited 1 branch of the dungeon, and saw 2 of its levels.

Inventory:

Hand Weapons
 a - a +0 mace (weapon)
Armour
 b - a +0 leather armour (worn)
Wands
 g - a wand of digging (3)
Scrolls
 c - a scroll of fog
 d - a scroll of magic mapping
 e - a scroll of fear
 h - a scroll of immolation {unknown}
Potions
 f - a potion of haste


   Skills:
 + Level 3.3 Fighting
 * Level 1.9 Maces & Flails
 + Level 2.5 Dodging
 + Level 6.6 Stealth


You couldn't memorise any spells.
You didn't know any spells.
Your spell library was empty.

Dungeon Overview and Level Annotations

Branches:
Dungeon (6/15)
 Temple: D:4-7

Altars:

Annotations:
D:5 exclusion: wight, Edmund


Innate Abilities, Weirdness & Mutations

You are small and have problems with some larger weapons.
You are completely attuned to the shadows.


Message History

An adder comes into view.
Found a stone staircase leading down.
There is a stone staircase leading down here.
You climb downwards.
You hear the hiss of flowing sand.
There is an entrance to an ossuary on this level.
Hurry and find it before the portal is buried!
Found a runed trident.
Found a stone staircase leading down.
There is a stone staircase leading up here.
There is a stone staircase leading down here.
Found a stone staircase leading up.
You hear the hiss of an avalanche of sand nearby.
An orc comes into view. It is wielding a +0 hand axe.
There is a stone staircase leading up here.
You climb upwards.
Level annotation: exclusion: wight
There is a stone staircase leading down here.
Edmund the Younger comes into view.
He is wielding a +6 flail of venom.
A water moccasin zombie comes into view.
You hit the water moccasin zombie.
The water moccasin zombie is lightly damaged.
The water moccasin zombie completely misses you.
The water moccasin zombie bites you.
You sock the water moccasin zombie!
The water moccasin zombie is lightly damaged.
The water moccasin zombie bites you. x2
You hit the water moccasin zombie.
The water moccasin zombie is moderately damaged.
The water moccasin zombie barely misses you.
You closely miss the water moccasin zombie.
The water moccasin zombie is moderately damaged.
The water moccasin zombie misses you.
The water moccasin zombie bites you but does no damage.
You hit the water moccasin zombie.
The water moccasin zombie is heavily damaged.
The water moccasin zombie closely misses you.
You hit the water moccasin zombie but do no damage.
The water moccasin zombie is heavily damaged.
The water moccasin zombie bites you but does no damage.
The water moccasin zombie bites you.
You die...

#######
#.@Z...
#.#####
####.#
##.##.#
#.....#
##.####
#.#
#.####
#....#


You could see a water moccasin zombie.

Vanquished Creatures
  3 jackals (D:5)
3 creatures vanquished.

Notes
Turn   | Place    | Note
-------+----------+-------------------------------------------
     0 | D:5      | sking99 the Kobold Delver began the quest for the Orb.
     0 | D:5      | Reached XP level 1. HP: 14/14 MP: 1/1
    28 | D:5      | Noticed a wight
    91 | D:5      | Noticed an ogre
   359 | D:5      | Noticed Edmund
   380 | D:5      | Noticed a water moccasin zombie
   387 | D:5      | Slain by a water moccasin zombie

Illustrated notes

Levels and vault maps discovered:
D:5:      layout_loops_ring, uniq_sigmund, uniq_edmund
D:6:      layout_basic, chequers_temple_overflow_statue_of_worship, temple_hall,
          nicolae_ossuary_entry_catacombs, minmay_misc_feat_ornament

Action                   || total
-------------------------++-------
Melee: Mace              ||    19
Armor: Leather armour    ||     6
Dodge: Dodged            ||    31
